 Dungeon Crawl Stone Soup version 0.30-a0-553-g7fabdf1491 (webtiles) character file.

Game seed: 13676237805494649127

1551 Jase the Digger (level 8, -1/41 HPs)
             Began as a Gargoyle Earth Elementalist on Dec 26, 2022.
             Was an Initiate of Dithmenos.
             Slain by an ice beast (3 damage)
             ... on level 6 of the Dungeon.
             The game lasted 00:24:25 (6406 turns).

Jase the Digger (Gargoyle Earth Elementalist)       Turns: 6406, Time: 00:24:26

Health: -1/41      AC:  9    Str: 11    XL:     8   Next: 88%
Magic:  10/11      EV: 12    Int: 19    God:    Dithmenos [......]
Gold:   343        SH:  0    Dex: 16    Spells: 5/11 levels left

rFire   . . .      SeeInvis +    b - +1 dagger (venom)
rCold   . . .      Faith    .    (no shield)
rNeg    + . .      Spirit   .    e - +0 robe
rPois   ∞          Reflect  .    G - +1 hat
rElec   +          Harm     .    (no cloak)
rCorr   .          Rampage  .    z - +0 pair of gloves
Will    +....                    (no boots)
Stlth   +++                      (no amulet)
HPRegen 0.26/turn                k - ring of willpower
MPRegen 0.12/turn                s - +6 ring of dexterity

@: flying, mesmerised, invisible
A: sickness immunity, AC +5, negative energy resistance 1, electricity
resistance, torment resistance 1, petrification resistance, big wings, see
invisible
a: Renounce Religion


You were on level 6 of the Dungeon.
You worshipped Dithmenos.
Dithmenos was noncommittal.
You visited 2 branches of the dungeon, and saw 7 of its levels.

You collected 343 gold pieces.

Inventory:

Hand Weapons
 a - a +0 flail
 b - a +1 dagger of venom (weapon)
Missiles
 q - 12 poisoned darts
Armour
 e - a +0 robe (worn)
 z - a +0 pair of gloves (worn)
 G - a +1 hat (worn)
Jewellery
 k - a ring of willpower (left hand)
 s - a +6 ring of dexterity (right hand)
 v - a +6 ring of strength
Wands
 r - a wand of flame (34)
 B - a wand of polymorph (8)
Scrolls
 d - 6 scrolls of identify {unknown}
 f - a scroll of fear {unknown}
 g - a scroll of fog {unknown}
 i - 2 scrolls of blinking {unknown}
 l - 4 scrolls of amnesia {unknown}
 t - a scroll of teleportation {unknown}
 x - 2 scrolls of enchant armour {unknown}
 y - a scroll of enchant weapon {unknown}
 A - a scroll of immolation {unknown}
 C - a scroll of poison {unknown}
 D - a scroll of butterflies {unknown}
 E - 4 scrolls of vulnerability {unknown}
 H - a scroll of magic mapping {unknown}
Potions
 c - 5 potions of curing {unknown}
 j - 3 potions of magic
 m - a potion of ambrosia {unknown}
 n - a potion of might {unknown}
 o - a potion of degeneration {unknown}
 p - a potion of mutation
 u - a potion of cancellation {unknown}
 w - a potion of haste
 F - a potion of heal wounds {unknown}


   Skills:
 + Level 2.7 Short Blades
 + Level 4.3 Maces & Flails
 - Level 1.5 Dodging
 + Level 5.6 Stealth
 - Level 2.0 Spellcasting
 + Level 4.1 Conjurations
 + Level 4.0 Transmutations
 + Level 6.9 Earth Magic


You had 5 spell levels left.
You knew the following spells:

 Your Spells              Type           Power      Damage    Failure   Level
a - Sandblast             Erth           56%        2d13      1%          1
b - Passwall              Tmut/Erth      18%        N/A       2%          2
c - Stone Arrow           Conj/Erth      44%        3d9       5%          3

Your spell library contained the following spells:

 Spells                   Type           Power      Damage    Failure   Level
 Beastly Appendage        Tmut           34%        N/A       3%          1
 Wereblood                Tmut           17%        N/A       4%          2
 Sting                    Tmut/Pois      36%        1d4       8%          1
 Momentum Strike          Conj/Tloc      18%        3d8       11%         2
 Petrify                  Tmut/Erth      22%        N/A       19%         4
 Hailstorm                Conj/Ice       9%         3d4       22%         3
 Spider Form              Tmut/Pois      9%         N/A       22%         3
 Blink                    Tloc           2%         N/A       26%         2
 Poisonous Vapours        Pois/Air       2%         N/A       26%         2
 Leda's Liquefaction      Hex/Erth       7%         N/A       38%         4
 Confusing Touch          Hex            1%         N/A       45%         3
 Lesser Beckoning         Tloc           2%         N/A       45%         3
 Ice Form                 Ice/Tmut       9%         N/A       58%         4
 Olgreb's Toxic Radiance  Pois           1%         N/A       86%         4
 Lightning Bolt           Conj/Air       4%         1d16      90%         5
 Simulacrum               Ice/Necr       0%         N/A       100%        6


Dungeon Overview and Level Annotations

Branches:
Dungeon (6/15)             Temple (1/1) D:6

Altars:
Ashenzari
Cheibriados
Dithmenos
Elyvilon
Fedhas
Gozag
Hepliaklqana
Kikubaaqudgha
Makhleb
Nemelex Xobeh
Okawaru
Qazlal
Ru
Sif Muna
Trog
Vehumet
Wu Jian
Xom
Yredelemnul
Zin
The Shining One

Annotations:
D:6 Maggie


Innate Abilities, Weirdness & Mutations

You are immune to sickness and miasma.
Your stone body is resilient. (AC +5)
You are immune to poison.
You resist negative energy. (rN+)
You are resistant to electric shocks. (rElec)
You are resistant to unholy torment.
You are immune to petrification.
Your large and strong wings let you fly.
You have supernaturally acute eyesight. (SInv)


Message History

Maggie is heavily wounded.
Maggie barely misses you.
You hit Maggie.
Maggie looks as sick as possible!
Maggie is heavily wounded.
You closely miss Maggie.
Maggie is heavily wounded.
Maggie gestures wildly while chanting.
Maggie draws you further into her thrall.
You hit Maggie but do no damage.
Maggie looks as sick as possible!
Maggie is severely wounded.
Maggie closely misses you.
You barely miss Maggie.
Maggie is severely wounded.
Maggie hits you with a +3 halberd of flaming!!
* * * LOW HITPOINT WARNING * * *
Maggie burns you.
* * * LOW HITPOINT WARNING * * *
You hit Maggie.
Maggie is severely wounded.
Maggie hits you with a +3 halberd of flaming.
* * * LOW HITPOINT WARNING * * *
Maggie burns you.
* * * LOW HITPOINT WARNING * * *
You hit Maggie.
Maggie looks as sick as possible!
Maggie is severely wounded.
Maggie hits you with a +3 halberd of flaming.
* * * LOW HITPOINT WARNING * * *
Maggie burns you.
* * * LOW HITPOINT WARNING * * *
Okay, then.
It was a potion of invisibility.
You fade into invisibility!
Maggie closely misses you.
The ice beast hits you but does no damage.
You barely miss Maggie.
Maggie is almost dead.
You closely miss Maggie.
Maggie is almost dead.
Maggie hits you but does no damage. The ice beast hits you.
You die...

#.# #.# #.# #.# ..#.#
#.###.#
#######.....#.#
#..#@Y....#.#.# #
#..#@## #.#.#
#.#.....# #.#.#
#....#..# #.#.######
#####..#..#
#.#......#
+......#....
#.#####.##
#.#.#.##.######.# #.#
#
#.#.##........#####.#
#.#.#######.........#
..#.# #.#########


You could see Maggie (mesmerising, unable to see you, extremely poisoned) and an
ice beast (unable to see you).

Vanquished Creatures
  An ogre (D:5)
  A centaur (D:6)
  A phantom (D:6)
  5 scorpions
  3 wights (D:6)
  6 electric eels (D:5)
  An orc priest (D:5)
  2 jellies (D:6)
  4 hounds
  Terence (D:3)
  2 iguanas (D:6)
  3 orc wizards
  A gnoll (D:1)
  15 adders
  A shadow imp (D:5)
  A worm (D:4)
  2 dart slugs
  17 orcs
  8 endoplasms
  5 giant cockroaches
  6 goblins
  8 hobgoblins
  3 jackals (D:3)
  5 quokkas
  10 ball pythons
  4 bats
  4 frilled lizards
  12 kobolds
  6 rats
138 creatures vanquished.

Vanquished Creatures (others)
  5 plants (D:5)
5 creatures vanquished.

Grand Total: 143 creatures vanquished

Notes
Turn   | Place    | Note
-------+----------+-------------------------------------------
     0 | D:1      | Jase the Gargoyle Earth Elementalist began the quest for
                  | the Orb.
     0 | D:1      | Reached XP level 1. HP: 10/10 MP: 3/3
    21 | D:1      | Reached skill level 1 in Transmutations
   102 | D:1      | Reached XP level 2. HP: 15/15 MP: 1/5
   106 | D:1      | Reached skill level 4 in Earth Magic
   380 | D:1      | Reached XP level 3. HP: 19/19 MP: 6/6
  1255 | D:2      | Learned a level 2 spell: Passwall
  1259 | D:2      | Learned a level 3 spell: Stone Arrow
  1350 | D:2      | Reached skill level 1 in Maces & Flails
  1651 | D:2      | Reached XP level 4. HP: 24/24 MP: 5/7
  2408 | D:3      | Noticed Terence
  2416 | D:3      | Killed Terence
  2417 | D:3      | Reached XP level 5. HP: 11/28 MP: 8/8
  2425 | D:3      | Reached skill level 5 in Earth Magic
  3385 | D:4      | Got Cithacw's Codex of the Wind and Spellbinding
  3450 | D:4      | Reached XP level 6. HP: 32/32 MP: 9/9
  3825 | D:4      | Reached skill level 1 in Conjurations
  4209 | D:5      | Entered Level 5 of the Dungeon
  4468 | D:5      | Reached XP level 7. HP: 36/36 MP: 10/10
  4763 | D:5      | Found a sacrificial altar of Ru.
  4766 | D:5      | Found a glowing golden altar of the Shining One.
  4766 | D:5      | Found a glowing golden altar of the Shining One.
  4768 | D:5      | Found a hide-covered altar of Uskayaw.
  4768 | D:5      | Found a shimmering altar of Xom.
  4768 | D:5      | Found a sacrificial altar of Ru.
  4906 | D:4      | Reached skill level 1 in Short Blades
  5106 | D:5      | Reached skill level 6 in Earth Magic
  5239 | D:5      | Reached XP level 8. HP: 16/41 MP: 11/11
  5463 | D:6      | Reached skill level 5 in Stealth
  5631 | D:6      | Found a staircase to the Ecumenical Temple.
  5643 | D:6      | Found a radiant altar of Vehumet.
  5668 | Temple   | Entered the Ecumenical Temple
  5668 | Temple   | Found a transporter.
  5668 | Temple   | Found a transporter.
  5670 | Temple   | Found a transporter.
  5670 | Temple   | Found a transporter.
  5693 | Temple   | Became a worshipper of Dithmenos the Shadowed
  5978 | D:6      | HP: 1/41 [wight/+0 battleaxe (13)]
  5979 | D:6      | Gained mutation: Your large and strong wings let you fly.
                  | [potion of mutation]
  5979 | D:6      | Gained mutation: You have supernaturally acute eyesight.
                  | (SInv) [potion of mutation]
  6355 | D:6      | Noticed Maggie
  6403 | D:6      | HP: 1/41 [Maggie/+3 halberd of flaming (2)]
  6406 | D:6      | Slain by an ice beast

Illustrated notes

Levels and vault maps discovered:
D:1:      co_arrival_random_square_maze, layout_loops_ring, st_stairs_11
D:2:      layout_loops_ring, serial_forest, infiniplex_forest_lined_room_2,
          infiniplex_forest_diagonal, infiniplex_forest_lined_corner,
          infiniplex_forest_lined_room_2, infiniplex_forest_lined_corner
D:3:      minmay_wonky_spiral, layout_basic, uniq_terence
D:4:      layout_basic, grunt_ministairs_7
D:5:      cheibrodos_two_vegetables, layout_cave_pools, doesnt_xom_only_xom
D:6:      minmay_chambers_of_threes, layout_basic, kennysheep_mini,
          minmay_temple_entry_statues_fountains, minmay_misc_feat_tower,
          uniq_maggie
Temple:   hellmonk_temple_divided_pantheon

Skill      XL: |  1  2  3  4  5  6  7  8 |
---------------+-------------------------+-----
Transmutations | 1 2 3 4 |  4.0
Earth Magic    | 4 5 6 |  6.9
Maces & Flails | 1 2 3 4 |  4.3
Stealth        | 3 4 5 |  5.6
Conjurations   | 2 3 4 |  4.1
Short Blades   | 1 2 |  2.7
Dodging        | |  1.5
Spellcasting   | |  2.0

Action                   |  1- 3 |  4- 6 |  7- 9 || total
-------------------------+-------+-------+-------++-------
Melee: Unarmed           |     3 |       |       ||     3
       Punch             |     1 |     1 |       ||     2
       Flail             |    21 |     2 |     3 ||    26
       Dagger            |       |   134 |   128 ||   262
Throw: Dart              |       |       |     2 ||     2
 Cast: Sandblast         |    52 |    26 |    35 ||   113
       Passwall          |       |    10 |    27 ||    37
  Use: Potion            |       |       |     3 ||     3
 Stab: Sleeping          |       |    11 |    13 ||    24
       Distracted        |       |     1 |     1 ||     2
Armor: Robe              |    16 |    41 |    43 ||   100
Dodge: Dodged            |    23 |    63 |    88 ||   174

Table legend: (Time is in decaauts)
 A = Elapsed time spent in this place.
 B = Non-inter-level travel time spent in this place.
 C = Inter-level travel time spent in this place.
 D = Time resting spent in this place.
 E = Time spent auto-exploring this place.
 F = Levels seen in this place.
 G = Mean time per level.
                   A        B        C        D        E       F      G
               +--------+--------+--------+--------+--------+-----+--------+
         Total |   6451 |   6307 |    144 |    957 |   3842 |   7 |  921.6 |
       Dungeon |   6412 |   6276 |    136 |    957 |   3842 |   6 | 1068.7 |
        Temple |     38 |     30 |      8 |      0 |      0 |   1 |   38.0 |
               +--------+--------+--------+--------+--------+-----+--------+

Top non-repeatable levels by time:
     D:1: 1278 daAuts
     D:3: 1250 daAuts
     D:5: 1193 daAuts
     D:6: 936 daAuts
     D:4: 891 daAuts
     D:2: 861 daAuts
  Temple: 38 daAuts
